Map: King Sejong Station LE

Players

blackxored

  • Race: Zerg Zerg
  • League: Platinum

KrYJaN - Winner!

  • Race: Terran Terran
  • League: Platinum

VOD

Have the link to the VOD?

Description

Time

  • Played on: June 26, 2016, 4:16 p.m.
  • Length: 16:34
Show
View Real Time Build Order
Export as new Build Order

blackxored Zerg 

Build Orders: Hatch First 

Get SALT Encoding   

  12  0:02  Drone  
  13  0:10  Drone  
  14  0:17  Overlord  
  14  0:24  Extractor  
  14  0:25  Drone  
  15  0:37  Drone x2  
  17  0:53  Hatchery  
  17  0:56  Drone  
  17  0:59  Drone  
  18  1:10  Extractor  
  17  1:14  Spawning Pool  
  17  1:17  Drone  
  17  1:21  Drone  
  18  1:29  Drone  
  19  1:40  Overlord  
  19  1:51  Drone  
  20  2:00  Queen  
  22  2:02  Zergling x2  
  22  2:05  Queen  
  22  2:06  Zergling x2  
  26  2:12  Zergling x2  
  26  2:13  Metabolic Boost  
  27  2:21  Drone  
  28  2:25  Drone  
  28  2:27  Drone  
  30  2:40  Hatchery  
  29  2:46  Overlord  
  29  2:47  Drone  
  29  2:51  Drone  
  31  2:53  Drone  
  32  3:02  Drone x2  
  32  3:04  Pneumatized Carapace  
  34  3:09  Overlord  
  33  3:23  Queen  
  33  3:25  Drone x4  
  39  3:28  Drone  
  39  3:30  Drone  
  39  3:32  Drone  
  39  3:34  Drone  
  43  3:57  Queen  
  43  4:02  Queen x2  
  49  4:03  Drone x2  
  49  4:04  Drone x2  
  53  4:10  Overlord  
  53  4:23  Drone x5  
  58  4:25  Overlord x3  
  58  4:32  Baneling Nest, Queen, Drone  
  60  4:42  Queen  
  60  4:43  Drone  
  60  4:45  Drone x6  
  69  4:56  Zergling x8  
  64  5:30  Drone x8  
  64  5:31  Drone x5  
  64  5:34  Lair  
  77  5:40  Extractor, Zergling x4  
  77  5:41  Extractor  
  76  5:43  Drone  
  76  5:48  Drone  
  78  6:00  Zergling x8  
  82  6:05  Zergling x8  
  82  6:06  Zergling x6  
  82  6:25  Drone x2  
  82  6:26  Drone x5  
  82  6:30  Extractor  
  82  6:31  Extractor  
  82  6:32  Drone x2  
  88  6:33  Drone x2  
  88  6:36  Overlord x3  
  88  6:39  Baneling x18  
  90  6:47  Extractor  
  90  6:49  Overseer  
  90  6:52  Overlord  
  90  6:53  Overlord x5  
  89  7:13  Drone x3  
  92  7:16  Drone x2  
  92  7:19  Drone x3  
  92  7:20  Drone x2  
  99  7:23  Drone  
  100  7:31  Hatchery  
  99  7:38  Zergling x2  
  99  7:39  Zergling x18  
  99  7:43  Evolution Chamber  
  108  7:45  Spire, Evolution Chamber  
  108  7:47  Centrifical Hooks  
  108  7:50  Drone x2  
  88  8:14  Zergling x2  
  88  8:15  Zergling x16  
  87  8:24  Zergling x10  
  89  8:31  Zergling x10  
  91  8:41  Zergling x2  
  91  8:42  Zergling x4  
  91  8:46  Zergling x2  
  92  8:56  Zergling x6  
  92  8:57  Baneling  
  92  8:58  Baneling x4  
  95  9:06  Zergling x6  
  95  9:08  Zerg Melee Weapons Level 1, Zerg Ground Armor Level 1  
  97  9:13  Zergling x2  
  91  9:20  Zergling x4  
  87  9:30  Zergling x2  
  87  9:31  Zergling x4  
  89  9:33  Baneling  
  89  9:34  Zergling x2, Baneling x16  
  90  9:49  Zergling x4  
  90  9:50  Zergling x12  
  98  9:59  Zergling x8  
  102  10:04  Zergling x6  
  102  10:07  Zergling x2  
  106  10:09  Baneling  
  106  10:10  Baneling x6  
  106  10:11  Baneling x2  
  106  10:15  Zergling x10  
  106  10:17  Hatchery  
  110  10:33  Zergling x20  
  91  10:46  Zergling x8  
  93  10:51  Zergling x2  
  93  10:52  Zergling x4  
  93  10:54  Baneling x7  
  93  10:56  Baneling x11  
  93  10:57  Zergling x8, Baneling x2  
  91  11:05  Zergling x8  
  94  11:16  Zergling x6  
  92  11:25  Zergling x6  
  84  11:32  Queen  
  83  11:34  Zergling x6  
  84  11:44  Zergling x6  
  84  11:46  Hatchery  
  85  11:51  Extractor  
  85  11:53  Zergling x2  
  82  11:58  Zergling x4  
  82  12:08  Queen, Overseer  
  79  12:09  Zerg Melee Weapons Level 2  
  79  12:10  Zerg Ground Armor Level 2  
  79  12:11  Zergling x4  
  79  12:12  Zergling x10  
  88  12:18  Zergling x4  
  86  12:25  Zergling x2  
  86  12:26  Zergling x2  
  88  12:32  Baneling x12  
  88  12:34  Zergling x2  
  88  12:35  Zergling x12  
  77  12:53  Zergling x16  
  80  13:01  Zergling x2  
  80  13:02  Zergling x4  
  76  13:06  Zergling x2  
  76  13:10  Zergling x4  
  77  13:14  Baneling  
  77  13:15  Baneling x7  
  77  13:16  Zergling x2  
  77  13:17  Zergling x2  
  77  13:21  Zergling x4  
  78  13:28  Zergling x2  
  67  13:36  Zergling x2  
  67  13:37  Zergling x4  
  68  13:42  Zergling x4  
  68  13:48  Zergling x2  
  71  13:53  Baneling x11  
  71  13:54  Zergling x14, Baneling x5  
  78  14:04  Zergling x2  
  78  14:05  Zergling x4  
  71  14:18  Hatchery  
  71  14:19  Hatchery  
  71  14:23  Zergling x4  
  71  14:24  Zergling x8  
  72  14:28  Zergling x2, Baneling x6  
  70  14:38  Zergling x8  
  60  14:48  Zergling x2  
  60  14:49  Zergling x4  
  60  14:50  Baneling x6  
  60  14:56  Queen  
  60  14:57  Zergling x6  
  56  15:07  Mutalisk x3  
  59  15:19  Baneling Nest, Zergling x6  
  59  15:33  Mutalisk x5  
  71  15:39  Mutalisk  
  66  15:43  Mutalisk  
  67  15:51  Drone  
  64  16:08  Baneling x3  
  64  16:09  Baneling x8  
Show
View Real Time Build Order
Export as new Build Order

KrYJaN Terran - Winner!

Build Orders: Command Center First (CC), MMM Bio 

Get SALT Encoding   

  12  0:01  SCV  
  13  0:13  SCV  
  14  0:23  Supply Depot  
  14  0:25  SCV  
  15  0:45  SCV  
  16  0:57  SCV  
  17  1:07  Command Center  
  17  1:08  Refinery  
  18  1:11  SCV  
  18  1:24  Barracks  
  18  1:27  SCV  
  19  1:39  SCV  
  20  1:51  SCV  
  21  2:03  SCV  
  22  2:11  Marine  
  22  2:15  Supply Depot  
  23  2:17  Orbital Command  
  23  2:19  Orbital Command  
  23  2:29  Bunker  
  23  2:31  Marine  
  24  2:39  Factory  
  24  2:44  SCV  
  24  2:46  SCV  
  25  2:55  Barracks Reactor  
  25  2:56  SCV  
  26  3:03  Supply Depot  
  26  3:04  SCV  
  27  3:08  SCV  
  27  3:12  Refinery  
  28  3:16  SCV  
  29  3:20  SCV  
  30  3:28  SCV  
  30  3:31  Starport, Refinery  
  30  3:32  Supply Depot, SCV  
  32  3:41  SCV  
  33  3:43  Hellion  
  33  3:44  Hellion, SCV  
  33  3:46  Barracks Tech Lab  
  38  3:53  SCV  
  39  3:56  SCV  
  39  3:58  Engineering Bay  
  40  4:04  Hellion  
  40  4:05  Hellion, SCV  
  40  4:09  Supply Depot  
  45  4:12  Starport Reactor  
  45  4:14  Stimpack  
  45  4:18  SCV x2  
  45  4:20  Supply Depot  
  47  4:31  Command Center  
  47  4:32  Widow Mine  
  47  4:36  Widow Mine  
  51  4:42  Terran Infantry Weapons Level 1  
  51  4:44  SCV x2  
  53  4:53  Barracks  
  53  4:56  Barracks x2  
  53  5:01  Barracks  
  51  5:31  Widow Mine x2  
  51  5:32  Medivac x2  
  59  5:37  SCV x2  
  59  5:42  Supply Depot  
  61  5:43  Barracks Reactor x2  
  61  5:45  Barracks Reactor  
  61  5:48  Supply Depot  
  61  5:49  Barracks Reactor  
  61  5:59  Widow Mine x2  
  65  6:06  Medivac x2  
  65  6:07  Marauder  
  67  6:22  Marine  
  67  6:23  Marine x3, Combat Shields  
  69  6:26  Marine x2  
  69  6:27  Marine x2  
  69  6:29  Marauder  
  69  6:30  Refinery  
  75  6:36  Terran Infantry Armor Level 1  
  75  6:39  Planetary Fortress  
  75  6:40  Marine x2, SCV  
  75  6:41  SCV  
  79  6:50  Marauder  
  79  6:53  SCV x2  
  83  6:57  Marine x5  
  83  6:58  Widow Mine x2  
  83  7:00  Medivac  
  94  7:05  SCV x2  
  94  7:07  Marine  
  94  7:08  Marine x2  
  99  7:11  Marauder  
  99  7:14  Missile Turret  
  99  7:15  Marine  
  102  7:18  Missile Turret  
  102  7:22  Missile Turret x2  
  102  7:26  SCV x3  
  102  7:28  Marine x2  
  102  7:29  Marine x2, Missile Turret  
  109  7:42  Concussive Shells  
  109  7:44  Supply Depot  
  109  7:47  Supply Depot  
  109  7:48  Supply Depot  
  109  7:49  Supply Depot  
  109  7:52  Supply Depot  
  109  8:05  Marine x8  
  109  8:09  SCV  
  89  8:21  Marauder  
  89  8:22  Widow Mine x2  
  89  8:23  Marine x8, Medivac x2  
  107  8:41  Marine x2  
  109  8:42  Marauder  
  109  8:47  Marine x6  
  117  8:51  Widow Mine x2  
  117  8:53  Medivac x2  
  125  9:04  Marauder  
  118  9:20  Marine x5  
  118  9:21  Marine x3  
  114  9:25  Marauder  
  113  9:38  Marine x6  
  115  9:39  Marine x2  
  115  9:42  Command Center  
  121  9:46  Medivac x2, Marauder  
  121  9:47  Armory  
  121  9:52  Engineering Bay  
  127  9:56  Factory, Marine x7  
  127  9:57  Barracks  
  134  10:02  Barracks  
  134  10:03  SCV x2  
  134  10:04  SCV  
  137  10:08  Marauder  
  137  10:13  Marine x3  
  141  10:16  Medivac  
  143  10:22  Supply Depot  
  143  10:29  Marauder  
  143  10:34  Supply Depot  
  122  10:45  Supply Depot  
  122  10:57  Supply Depot  
  122  11:03  Marine x5, Marauder  
  122  11:04  Marine x3  
  129  11:08  Barracks Reactor  
  129  11:09  Factory Reactor  
  129  11:10  Barracks Reactor  
  131  11:14  Barracks, Terran Infantry Weapons Level 2  
  131  11:15  Terran Infantry Armor Level 2  
  131  11:16  Barracks  
  127  11:21  Marine x5  
  104  11:51  Marine x6, Marauder  
  104  11:52  Marine x6  
  114  12:01  Planetary Fortress  
  114  12:02  SCV  
  114  12:03  SCV x2  
  115  12:09  Marine x8  
  115  12:10  Marine x3  
  115  12:12  Marine x2  
  115  12:13  Supply Depot, Marauder  
  115  12:14  SCV  
  131  12:15  Barracks Reactor  
  131  12:21  Starport  
  105  13:04  Marine x2, Marauder  
  105  13:05  Marine x7  
  108  13:06  Marine x6  
  108  13:09  Hellbat  
  108  13:10  Hellbat x3  
  108  13:11  Medivac x2  
  130  13:20  Factory  
  130  13:22  Factory, Refinery, Marine x3  
  130  13:23  Marine x2  
  130  13:24  Refinery  
  130  13:25  Refinery, Marauder  
  130  13:26  Refinery  
  137  13:30  Hellbat  
  137  13:31  Hellbat  
  131  13:36  Marine x2  
  131  13:37  Marine  
  131  13:41  Medivac x2, Command Center  
  130  13:43  Command Center  
  130  13:46  Marauder  
  130  13:47  Marine  
  130  13:48  Marine x5  
  142  14:08  Marauder  
  114  14:28  Marine x7  
  114  14:29  Marine x4, Marauder  
  127  14:32  Factory Reactor  
  127  14:33  Factory Tech Lab  
  127  14:36  Orbital Command  
  122  14:47  Viking x2, Marine x2  
  122  14:48  Marine x8  
  122  14:51  Marauder  
  138  15:05  Marine x5  
  138  15:06  Marine x2  
  145  15:12  Marauder, Planetary Fortress  
  145  15:13  Planetary Fortress  
  147  15:17  Missile Turret  
  147  15:21  Missile Turret  
  147  15:24  Missile Turret  
  147  15:33  Marauder  
  149  15:40  Marine x3  
  149  15:41  Marine x7  
  158  15:55  Marauder  
  160  16:10  Marine  
  160  16:11  Marine x8  
  163  16:12  Marine x2  
Tags
 
Add a new tag
Caveats
  • Supply blocks, unpowered buildings, or Contaminate may cause inaccurate times.
  • Supply counts are checked every 10 seconds.